bob, neutral male scurrid Tourist }}}}}}}}}}}}}}}}}}}}}}}}}}}}}}}}}}}}}}}}}}}}}}}}}}}}}}T}}}}}}}}}} }}}}}}}}}}}}}}}}}}}}}}}}}}}}}}}}}}}}}}}}}}}}}}}}}}}}}}}}}}} }}}}}}}}}.}}}}}}...`.}}}}}}}}}}}}}}}}}}}}}}}}}}}}}}} }}}}}}}....}v}}}P...}}}}}}}}}}}}}}}}}}}}}}}}}} }..+}}}}}}}}}}}...M}}}..}}}}}}}}}}e}}}}} }...t}}}}}}}}}....}}}}..}}}}}}}}}} }a..}}}}}}}}}}}}}(}}}}}}}}}}}}- }aR.}}}}}}}}}}}}}}}}}}}}}}}}}.| }..D.}}}}}*..}}}}}}}}}}}}}}...----- }a.Q.`}}}}}.}}}}}}}}}}}}}}}.......| }Na..}}}}}}}}}}}}}}}}}}}}}}...n...| }..@.}}}}}}}}}}}}}}}}}}}}}}...----- }`....}}}}}}}}}}}}}}}}}}}}}}}.| }......}}}}}}}}}}}}}}}}}}}}}}}- }....<..}}}}}}}...}}}}}}}}}}}}}}})}. }.....}}}}}}}}}}.....}}}}}}}}}}}}}}}}}}}}}}}}}} }}..}}}}}}}}}}}}}....}}}}}}}}}}}}}}}}}}}}}&}`}}}}}}}..}}}} }}}}}}}}}}}}}}}}}....}}}}}}}}}}}}}}}}}}}}}}}..}}..}}}}}}}}}}}}}}}}}} }}}}}}}}}}}}}}}}}}}}}}}}}}}}}}}}}}}}}}}}}}}}}}}}}}}}}}}}}}}}}}}}}}}}}}}}}}} }}}}}}}}}}}}}}}}}}}}}}}}}}}}}}}}}}}}}}}}}}}}}}}}}}}}}}}}}}}}}}}}}}}}}}}}}}} bob the Rambler Experience level: 1 Strength: 12 Dexterity: 10 Constitution: 14 Intelligence: 14 Wisdom: 11 Charisma: 14 Health: 4(19) Energy: 2(2) Def: 0 Gold: 963 Moves: 193 Dungeon seed: -ySpVCzpKl4DDR4x Game ID: bob_1528898306 Your Inventory: Coins $ - 963 gold pieces Weapons a - 39 blessed +2 darts (in quiver) Comestibles b - an uncursed chestnut c - an uncursed egg d - 4 uncursed food rations f - an uncursed carrot g - 2 uncursed bananas h - 2 uncursed fortune cookies i - an uncursed candy bar t - an uncursed sprig of wolfsbane Scrolls k - 4 uncursed scrolls of magic mapping Wands n - an uncursed wand of secret door detection (0:13) Tools l - an uncursed expensive camera (0:59) m - an uncursed credit card o - an uncursed leash Spells and supernatural/magical abilities: Name Level Category Fail Memory W - pray for help -- divine ? -- Your skills at the end: Miscellaneous Skills wands [Basic] Weapon Skills dart [Basic] Spellcasting Skills Final Attributes: You were devoutly aligned. You had infravision. You were very stealthy. You are dead. Vanquished creatures: a kobold zombie Voluntary challenges: You went without food. You did not adorn yourself with jewelry or accessories. You did not cause conflict. You were not invisible. You did not have reflection. You were not displaced. You never hit with a wielded weapon. You did not use containers. You did not apply a unicorn horn. You did not use plumbed fixtures. You were illiterate. You never genocided any monsters. You never polymorphed an object. You never changed form. You used no wishes. You never split a pudding. You never wrote Elbereth's name. You never violated your personal moral code. Dungeon overview: The Dungeons of Doom: levels 1 to 25 Level 1 a long staircase Level 2 Level 3 Level 4 Level 5 Level 6 Level 7 a fountain Level 8 Level 9 Level 10 Level 11 a fountain Level 12 Level 13 Level 14 Level 15 Level 16 Level 17 Level 18 Level 19 Level 20 Level 21 Level 22 Level 23 Level 24 Level 25 <- You were here History has recorded: On T:1 you entered the Dungeons of Doom to retrieve the Amulet of Yendor! On T:7 you reached level 2 of The Dungeons of Doom. On T:13 you reached level 3 of The Dungeons of Doom. On T:19 you reached level 4 of The Dungeons of Doom. On T:26 you reached level 5 of The Dungeons of Doom. On T:34 you reached level 6 of The Dungeons of Doom. On T:37 you reached level 7 of The Dungeons of Doom. On T:48 you reached level 8 of The Dungeons of Doom. On T:55 you reached level 9 of The Dungeons of Doom. On T:68 you reached level 10 of The Dungeons of Doom. On T:75 you reached level 11 of The Dungeons of Doom. On T:85 you reached level 12 of The Dungeons of Doom. On T:91 you reached level 13 of The Dungeons of Doom. On T:97 you reached level 14 of The Dungeons of Doom. On T:106 you reached level 15 of The Dungeons of Doom. On T:106 you entered the Rogue tribute level. On T:114 you reached level 16 of The Dungeons of Doom. On T:120 you reached level 17 of The Dungeons of Doom. On T:132 you prayed to The Lady. On T:138 you reached level 18 of The Dungeons of Doom. On T:144 you reached level 19 of The Dungeons of Doom. On T:151 you reached level 20 of The Dungeons of Doom. On T:158 you reached level 21 of The Dungeons of Doom. On T:175 you reached level 22 of The Dungeons of Doom. On T:181 you reached level 23 of The Dungeons of Doom. On T:190 you reached level 25 of The Dungeons of Doom. Score breakdown: Gold: 58 ( 5 points) Experience: 1 level ( 0 points) Exploration: 25 levels ( 720 points) Discoveries: 1 item ( 50 points) Variety of kills: 1 monster ( 50 points) Major goal: (nothing yet) ( 0 points) Survival: died (score multiplied by 3) Total score: 2475 Latest messages: A mountain centaur [seen: normal vision, infravision] on the floor of a room. Please move the cursor to an unknown object. Never mind. The door opens. A trap door opens up under you! The elf-lord drinks a golden potion! The elf-lord seems more experienced. You start digging downward. The soldier ant bites! The soldier ant stings! The soldier ant's sting was poisoned! You feel drained for a moment, but the feeling passes. The soldier ant is blinded by the flash! The soldier ant turns to flee! The young black dragon breathes a disintegration blast! The Elvenking's shield is disintegrated! The blast of disintegration hits you! Your shirt crumbles into tiny threads and falls apart! Final status: Aloha bob the Tourist, killed by a blast of disintegration... You died in The Dungeons of Doom on dungeon level 25 with 2475 points, and 963 pieces of gold, after 193 moves. You were level 1 with a maximum of 19 hit points when you died.